 Dungeon Crawl Stone Soup version 0.27.1-33-g824d729ab1 (webtiles) character file.

Game seed: 13084366811039001120

34 ces the Basher (level 3, -2/28 HPs)
             Began as a Gnoll Wanderer on Dec 10, 2021.
             Slain by a gnoll (9 damage)
             ... on level 2 of the Dungeon.
             The game lasted 00:01:46 (1518 turns).

ces the Basher (Gnoll Wanderer)                     Turns: 1518, Time: 00:01:46

Health: -2/28      AC:  2    Str: 12    XL:     3   Next: 31%
Magic:  4/4        EV: 11    Int: 11    God:
Gold:   105        SH:  0    Dex: 11    Spells: 3/3 levels left

rFire    . . .     SeeInvis .   a - +2 mace
rCold    . . .     Faith    .   (no shield)
rNeg     . . .     Spirit   .   d - +0 robe
rPois    .         Reflect  .   (no helmet)
rElec    .         Harm     .   (no cloak)
rCorr    .         Rampage  .   (no gloves)
Will     .....                  (no boots)
Stlth    ++........             (no amulet)
HPRegen  0.09/turn              (no ring)
MPRegen  0.09/turn              (no ring)

@: no status effects
A: fangs 1, strong nose, distributed training
a: no special abilities


You were on level 2 of the Dungeon.
You visited 1 branch of the dungeon, and saw 2 of its levels.

You collected 105 gold pieces.

Inventory:

Hand Weapons
 a - a +2 mace (weapon)
Armour
 d - a +0 robe (worn)
Scrolls
 b - a scroll of teleportation
 e - a scroll of amnesia {unknown}
 g - a scroll of identify {unknown}
 h - a scroll of immolation {unknown}
Potions
 c - a potion of lignification
 f - 2 potions of degeneration {unknown}


   Skills:
 + Level 2.6 Fighting
 + Level 0.7 Short Blades
 + Level 0.7 Long Blades
 + Level 0.7 Axes
 + Level 8.5 Maces & Flails
 + Level 0.7 Polearms
 + Level 0.7 Staves
 + Level 0.7 Slings
 + Level 0.7 Bows
 + Level 0.7 Crossbows
 + Level 0.7 Throwing
 + Level 6.5 Armour
 + Level 0.7 Dodging
 + Level 2.3 Stealth
 + Level 2.6 Shields
 + Level 0.7 Unarmed Combat
 + Level 0.7 Spellcasting
 + Level 0.5 Conjurations
 + Level 0.5 Hexes
 + Level 0.5 Summonings
 + Level 0.5 Necromancy
 + Level 0.5 Translocations
 + Level 0.5 Transmutations
 + Level 0.5 Fire Magic
 + Level 0.5 Ice Magic
 + Level 0.5 Air Magic
 + Level 0.5 Earth Magic
 + Level 0.5 Poison Magic
 + Level 0.9 Invocations
 + Level 0.7 Evocations


You had 3 spell levels left.
You didn't know any spells.
Your spell library contained the following spells:

 Spells                   Type           Power      Damage    Failure   Level
 Borgnjor's Revivificati  Necr           0%         N/A       100%        8
 Necromutation            Tmut/Necr      0%         N/A       100%        8
 Death's Door             Necr           0%         N/A       100%        9


Dungeon Overview and Level Annotations

Branches:
Dungeon (2/15)

Altars:


Innate Abilities, Weirdness & Mutations

You have very sharp teeth.
Your uncanny sense of smell can sniff out nearby items.
Your experience applies equally to all skills.


Message History

The adder skeleton is heavily damaged.
The adder skeleton barely misses you.
You hit the adder skeleton.
The adder skeleton is severely damaged.
The adder skeleton misses you.
You sock the adder skeleton!
You destroy the adder skeleton!
No target in view!
Key pressed, stopping explore.
No target in view!
HP restored.
Magic restored.
Found a leather armour.
Found 9 gold pieces.
You see here a +0 leather armour.
You now have 105 gold pieces (gained 9).
An endoplasm comes into view.
An endoplasm is nearby!
An endoplasm is nearby!
A gnoll comes into view. It is wielding a +0 whip.
The endoplasm quivers.
A gnoll comes into view. It is wielding a +0 spear.
The gnoll shouts!
You hit the endoplasm.
The endoplasm is moderately wounded.
You hear a shout!
The endoplasm hits you.
A gnoll comes into view. It is wielding a +0 halberd.
You hit the endoplasm.
You kill the endoplasm!
A gnoll comes into view. It is wielding a +0 spear.
The gnoll hits you from afar with a +0 spear!
The gnoll hits you with a +0 halberd!
* * * LOW HITPOINT WARNING * * *
A hobgoblin comes into view.
The gnoll shouts!
The hobgoblin shouts!
You are too injured to fight recklessly!
You are too injured to fight recklessly!
You are too injured to fight recklessly!
The gnoll hits you with a +0 spear!
You die...

#..# ####### #
#...........
######
#.##♣...≈≈≈P...#
#.....
##.#.P..≈♣≈≈≈.♣.#
#.####
.....≈≈≈≈≈≈≈...#
#.#
##..P≈≈≈≈♣≈P..P#
#.#
#....≈≈♣≈...P.#
#.# #P...gg♣....#
#.# #g...@....#
#.# #.g#######.#
#.# ...
#.#######.# .
######.........#
.........########
########.# ..#
####


You could see 3 gnolls and a hobgoblin.

Vanquished Creatures
  An adder skeleton (D:2)
  2 ball pythons (D:1)
  2 bats (D:1)
  2 endoplasms
  2 giant cockroaches (D:1)
  3 goblins (D:1)
  4 hobgoblins (D:1)
  4 jackals (D:1)
  A quokka (D:1)
  A frilled lizard (D:1)
  3 kobolds (D:1)
  2 rats (D:1)
27 creatures vanquished.

Vanquished Creatures (others)
  2 fungi (D:1)
  20 plants
22 creatures vanquished.

Grand Total: 49 creatures vanquished

Notes
Turn   | Place    | Note
-------+----------+-------------------------------------------
     0 | D:1      | ces the Gnoll Wanderer began the quest for the Orb.
     0 | D:1      | ces set off with the following items: a +2 mace, a scroll
                  | of teleportation, a potion of lignification, a +0 robe
     0 | D:1      | Reached XP level 1. HP: 17/17 MP: 1/1
   166 | D:1      | Reached XP level 2. HP: 15/23 MP: 2/2
   485 | D:1      | Found a faded altar of an unknown god.
   927 | D:1      | Reached XP level 3. HP: 28/28 MP: 3/3
  1518 | D:2      | Slain by a gnoll

Illustrated notes

Levels and vault maps discovered:
D:1:      eino_arrival_cavern_b, layout_rooms, shapermc_ecumenical_altar_gd,
          minmay_indecisive_spiral
D:2:      layout_loops_ring, serial_bayou, serial_bayou_lagoon_b,
          serial_bayou_pond_c, serial_bayou_lagoon_a, serial_bayou_pond_c,
          serial_bayou_pond_a, serial_bayou_pond_e

Action                   || total
-------------------------++-------
Melee: Mace              ||    80
       Bite              ||     6
Throw: Boomerang         ||     3
 Stab: Sleeping          ||     2
Armor: Robe              ||    20
Dodge: Dodged            ||    42
